 Dungeon Crawl Stone Soup version 0.27.1-33-g824d729ab1 (webtiles) character file.

Game seed: 16464891610422683468

34 Destapler the Chucker (level 3, 0/22 HPs)
             Began as a Kobold Hunter on Dec 25, 2021.
             Succumbed to an adder's poison
             ... on level 2 of the Dungeon.
             The game lasted 00:04:11 (1382 turns).

Destapler the Chucker (Kobold Hunter)               Turns: 1382, Time: 00:04:12

Health: 0/22       AC:  5    Str:  9    XL:     3   Next: 50%
Magic:  3/3        EV: 14    Int: 12    God:
Gold:   88         SH:  0    Dex: 16    Spells: 2/2 levels left

rFire    . . .     SeeInvis .   a - +2 dagger (distort)
rCold    . . .     Faith    .   (shield restricted)
rNeg     . . .     Spirit   .   b - +0 leather armour
rPois    .         Reflect  .   (no helmet)
rElec    .         Harm     .   (no cloak)
rCorr    .         Rampage  .   (no gloves)
Will     .....                  f - +1 pair of boots
Stlth    +++.......             (no amulet)
HPRegen  0.07/turn              (no ring)
MPRegen  0.08/turn              (no ring)

@: lethally poisoned (0 -> -3), flying
A: small, no large weapons, nightstalker 3
a: no special abilities


You were on level 2 of the Dungeon.
You visited 1 branch of the dungeon, and saw 2 of its levels.

You collected 88 gold pieces.

Inventory:

Hand Weapons
 a - a +2 dagger of distortion (weapon)
Missiles
 c - 8 boomerangs (quivered)
 d - 2 throwing nets
Armour
 b - a +0 leather armour (worn)
 f - a +1 pair of boots (worn)
Scrolls
 e - a scroll of fog {unknown}
 g - a scroll of fear {unknown}
 h - a scroll of magic mapping {unknown}


   Skills:
 + Level 2.5 Fighting
 + Level 1.3 Short Blades
 + Level 4.5 Throwing
 + Level 0.7 Armour
 + Level 2.8 Dodging
 + Level 2.2 Stealth


You had 2 spell levels left.
You didn't know any spells.
Your spell library contained the following spells:

 Spells                   Type           Power      Damage    Failure   Level
 Animate Skeleton         Necr           0%         N/A       41%         1
 Pain                     Necr           0%         1d4       41%         1
 Vampiric Draining        Necr           0%         2d6       80%         3


Dungeon Overview and Level Annotations

Branches:
Dungeon (2/15)

Altars:


Innate Abilities, Weirdness & Mutations

You are small and have problems with some larger weapons.
You are completely attuned to the shadows.


Message History

You feel sick. The adder bites you.
You hit the adder.
Space bends around the adder.
The adder is moderately wounded.
You feel sick. The adder bites you.
You closely miss the adder.
The adder is moderately wounded.
You feel sick. The adder bites you.
You are more poisoned.
The adder poisons you!
You feel sick.
You closely miss the adder.
The adder is moderately wounded.
You feel sick. The adder bites you.
You are lethally poisoned!
The adder poisons you! The adder misses you.
You closely miss the adder.
The adder is moderately wounded.
* * * LOW HITPOINT WARNING * * *
You feel sick.
It was a potion of flight.
You feel very buoyant.
You fly up into the air.
* * * LOW HITPOINT WARNING * * *
You feel sick. The adder misses you. The hobgoblin misses you.
* * * LOW HITPOINT WARNING * * *
You feel sick. The adder barely misses you.
You miss the adder.
The adder is moderately wounded.
* * * LOW HITPOINT WARNING * * *
You feel sick. The adder closely misses you.
The hobgoblin completely misses you.
You barely miss the adder.
The adder is moderately wounded.
* * * LOW HITPOINT WARNING * * *
You feel sick. The adder bites you but does no damage.
The adder barely misses you.
The hobgoblin hits you but does no damage.
You hit the adder but do no damage.
The adder is moderately wounded.
You die...

#.............#
##########.####
#..# ##.# #.##
#..# ##.## #..#
.... ##@##....
#gS#....
##S#....
#...... ##.....
#.?... ......
......


You could see 2 adders and a hobgoblin.

Vanquished Creatures
  A dart slug (D:1)
  5 ball pythons
  2 bats (D:1)
  3 endoplasms (D:1)
  3 giant cockroaches
  3 hobgoblins (D:1)
  5 kobolds (D:1)
  A frilled lizard (D:1)
  3 goblins (D:1)
  2 rats
28 creatures vanquished.

Notes
Turn   | Place    | Note
-------+----------+-------------------------------------------
     0 | D:1      | Destapler the Kobold Hunter began the quest for the Orb.
     0 | D:1      | Reached XP level 1. HP: 12/12 MP: 1/1
   160 | D:1      | Reached XP level 2. HP: 18/18 MP: 2/2
   529 | D:1      | Reached skill level 1 in Short Blades
   669 | D:1      | Reached XP level 3. HP: 22/22 MP: 3/3
  1381 | D:2      | HP: 1/22 [poisoned by an adder]
  1382 | D:2      | Succumbed to an adder's poison

Illustrated notes

Levels and vault maps discovered:
D:1:      dpeg_arrival_lava_temple_mockup, layout_loops_corners,
          minmay_pentomino_z4
D:2:      layout_basic, minmay_misc_feat_encased, uniq_jessica

Skill      XL: |  1  2 |
---------------+-------+-----
Short Blades   | 1 |  1.3
Stealth        | 2 |  2.2
Fighting       | |  2.5
Throwing       | |  4.5
Armour         | |  0.7
Dodging        | |  2.8

Action                   || total
-------------------------++-------
Melee: Short sword       ||    43
       Dagger            ||    15
Throw: Boomerang         ||    14
  Use: Potion            ||     1
 Stab: Sleeping          ||    16
Armor: Leather armour    ||     9
Dodge: Dodged            ||    37
